 Dungeon Crawl Stone Soup version 0.30.1-4-g462c640d31 (webtiles) character file.

Game seed: 4955656897528600377

35 Babbit the Trooper (level 3, -2/33 HPs)
             Began as a Minotaur Fighter on Aug 24, 2023.
             Slain by Sigmund
             ... wielding a +0 scythe
              (9 damage)
             ... on level 2 of the Dungeon.
             The game lasted 00:02:05 (1286 turns).

Babbit the Trooper (Minotaur Fighter)               Turns: 1286, Time: 00:02:06

Health: -2/33      AC:  7    Str: 22    XL:     3   Next: 17%
Magic:  2/2        EV:  9    Int:  5    God:
Gold:   77         SH:  4    Dex:  9    Spells: 2/2 levels left

rFire   . . .        a - +0 war axe
rCold   . . .        c - +0 buckler
rNeg    . . .        b - +0 scale mail
rPois   .            (helmet restricted)
rElec   .            (no cloak)
rCorr   .            (no gloves)
SInv    .            (no boots)
Will    .....        (no amulet) Stlth
                     (no ring)
HPRegen 0.25/turn    (no ring)
MPRegen 0.08/turn

%: no passive effects
@: no status effects
A: horns 2, retaliatory headbutt
a: no special abilities


You were on level 2 of the Dungeon.
You visited 1 branch of the dungeon, and saw 2 of its levels.

You collected 77 gold pieces.

Inventory:

Hand Weapons
 a - a +0 war axe (weapon)
Armour
 b - a +0 scale mail (worn)
 c - a +0 buckler (worn)
Scrolls
 h - a scroll of identify {unknown}
 j - a scroll of teleportation {unknown}
 k - a scroll of fear {unknown}
Potions
 d - 2 potions of might
 e - 2 potions of curing {unknown}
 f - 3 potions of haste {unknown}
 g - 3 potions of heal wounds {unknown}
 i - a potion of lignification {unknown}


   Skills:
 + Level 4.0 Fighting
 + Level 3.3 Axes
 + Level 4.0 Armour
 + Level 0.1 Dodging
 + Level 4.0 Shields


You had 2 spell levels left.
You didn't know any spells.
Your spell library was empty.

Dungeon Overview and Level Annotations

Branches:
Dungeon (2/15)

Altars:

Annotations:
D:2 Sigmund


Innate Abilities, Weirdness & Mutations

You have a pair of horns on your head.
You reflexively headbutt those who attack you in melee.


Message History

There is an open door here.
Sigmund the Dreaded comes into view.
He is wielding a +0 scythe.
Sigmund shouts!
A rat comes into view.
Sigmund points at you and mumbles some strange words.
The magic dart hits you. Sigmund gestures at you while chanting.
The puff of flame hits you. The rat barely misses you.
Sigmund hits you with a +0 scythe!
You slash Sigmund!
Sigmund is moderately wounded.
You hit the rat.
You kill the rat!
Sigmund points at you and mumbles some strange words.
You are confused.
You miss Sigmund.
Sigmund is moderately wounded.
Sigmund barely misses you. Sigmund asks, "Do you like me?"
Sigmund barely misses you.
Sigmund says, "Your kind have come here before.
I understand now why.
You desire death..."
You feel less confused. Sigmund hits you but does no damage.
You closely miss Sigmund.
Sigmund is moderately wounded.
Sigmund closely misses you.
You hit Sigmund but do no damage. Your headbutt misses Sigmund.
Sigmund is moderately wounded.
Sigmund casts a spell.
Sigmund flickers and vanishes!
Deactivating autopickup; reactivate with Ctrl-A.
You miss something. Something hits you.
You closely miss something. Your headbutt misses something. Something hits you.
You hit something but do no damage. Something hits you!
You miss something. Your headbutt misses something. Something hits you.
* * * LOW HITPOINT WARNING * * *
You slash something! Something hits you but does no damage.
You miss something. Something completely misses you.
You hit something but do no damage. Something hits you!
You die...

#......#######.######.#######
######## #....## #.#######
#.....# #.##..... #.....# #
#.##..... #.....#.# #..†.....
#.....#.#.#.##.....
#.......#.####.....
#..................
#.@.....#....#..... #{......#
#........ #.......# #....####
........†....#.#.......#
.........#...#...<.....#
.........#...#####....##
.........#.........)#...
.........#....#######..#
########## .... ..#


There were no monsters in sight!

Vanquished Creatures
  An adder (D:2)
  A ball python (D:2)
  3 bats (D:1)
  An endoplasm (D:1)
  3 giant cockroaches
  3 goblins (D:2)
  3 hobgoblins
  4 kobolds
  A quokka (D:1)
  A frilled lizard (D:1)
  2 rats
23 creatures vanquished.

Notes
Turn   | Place    | Note
-------+----------+-------------------------------------------
     0 | D:1      | Babbit the Minotaur Fighter began the quest for the Orb.
     0 | D:1      | Reached XP level 1. HP: 19/19 MP: 0/0
   437 | D:1      | Reached XP level 2. HP: 27/27 MP: 1/1
  1200 | D:2      | Reached XP level 3. HP: 30/33 MP: 2/2
  1266 | D:2      | Noticed Sigmund
  1286 | D:2      | Slain by Sigmund

Illustrated notes

Levels and vault maps discovered:
D:1:      dpeg_arrival_circle_labyrinth_c, layout_basic
D:2:      layout_basic, uniq_sigmund, uniq_crazy_yiuf_cottage

Skill      XL: |  1  2  3 |
---------------+----------+-----
Fighting       | 4 |  4.0
Armour         | 4 |  4.0
Axes           | 3 |  3.3
Shields        | 4 |  4.0
Dodging        | |  0.1

Action                     || total
---------------------------++-------
  Melee: War axe           ||    63
         Headbutt          ||     4
 Armour: Scale mail        ||    30
  Dodge: Dodged            ||    40
  Block: Buckler           ||    11
